 Dungeon Crawl Stone Soup version 0.19-a0-1886-gd64a0f0 (webtiles) character file.

266 KarmaPolice the Vandal (level 6, -4/42 HPs)
             Began as a Halfling Hunter on Oct 16, 2016.
             Slain by an iguana (5 damage)
             ... on level 4 of the Dungeon.
             The game lasted 00:07:27 (3161 turns).

KarmaPolice the Vandal (Halfling Hunter)            Turns: 3161, Time: 00:07:28

Health: -4/42      AC:  5    Str: 14    XL:     6   Next: 44%
Magic:  6/6        EV: 14    Int:  9    God:
Gold:   134        SH:  0    Dex: 16    Spells: 0 memorised, 5 levels left

rFire  . . .     SeeInvis .     a - +1 hunting sling
rCold  . . .     Gourm    .     c - +0 leather armour
rNeg   . . .     Faith    .     (shield restricted)
rPois  .         Spirit   .     u - +2 hat
rElec  .         Dismiss  .     (no cloak)
rCorr  .         Reflect  .     (no gloves)
MR     .....     Harm     .     (no boots)
Stlth  ++........               (no amulet)
                                (no ring)
                                (no ring)

@: no status effects
A: mutation resistance 1
a: no special abilities


You were on level 4 of the Dungeon.
You were not hungry.

You visited 1 branch of the dungeon, and saw 4 of its levels.

You collected 134 gold pieces.

Inventory:

Hand Weapons
 a - a +1 hunting sling (weapon)
 b - a +0 short sword
 r - a +0 blowgun
Missiles
 d - 43 sling bullets (quivered)
 e - 47 stones
 j - 16 poisoned needles
 n - 8 curare-tipped needles
Armour
 c - a +0 leather armour (worn)
 u - a +2 hat (worn)
Scrolls
 g - 2 scrolls of identify {unknown}
 h - a scroll of amnesia {unknown}
 i - 2 scrolls of remove curse {unknown}
 k - a scroll of enchant weapon {unknown}
 l - a scroll of teleportation {unknown}
 o - a scroll of noise {unknown}
 v - a scroll of blinking {unknown}
 w - 3 scrolls of enchant armour {unknown}
Potions
 q - a potion of agility
 s - a potion of ambrosia {unknown}
 t - a potion of haste {unknown}
Comestibles
 f - 3 bread rations
 m - a chunk of flesh
 p - 2 beef jerkies
 x - a slice of pizza


   Skills:
 + Level 3.2 Fighting
 + Level 3.4 Short Blades
 + Level 7.2 Slings
 + Level 1.3 Armour
 - Level 2.1 Dodging
 - Level 3.0 Stealth


You had 5 spell levels left.
You didn't know any spells.

Dungeon Overview and Level Annotations

Branches:
Dungeon (4/15)
 Temple: D:4-7

Altars:
Nemelex Xobeh
Trog


Innate Abilities, Weirdness & Mutations

You are small and have problems with some larger weapons.
You are somewhat resistant to further mutation.


Message History

Firing (i - inventory. (,) - cycle):
d - 46 sling bullets (quivered)
Press: ? - help, Shift-Dir - straight line, f/p - iguana
Aim: an iguana (severely wounded)
You shoot a sling bullet.
The sling bullet closely misses the iguana.
Firing (i - inventory. (,) - cycle):
d - 45 sling bullets (quivered)
Press: ? - help, Shift-Dir - straight line, f/p - iguana
Aim: an iguana (severely wounded)
You shoot a sling bullet.
The sling bullet hits the iguana but does no damage.
The iguana is severely wounded.
The iguana bites you.
* * * LOW HITPOINT WARNING * * *
Firing (i - inventory. (,) - cycle):
d - 44 sling bullets (quivered)
Press: ? - help, Shift-Dir - straight line, f/p - iguana
Aim: an iguana (severely wounded)
You shoot a sling bullet. The sling bullet hits the iguana.
The iguana is severely wounded.
The iguana bites you.
You die...

### ..##
.. .....
#... ...
.#.>. ...
. ...
####.##...
.#
#<........
.+ .
##@......#
.#(...
#l......#
(((...
.((.....#
.#####
##(.(#.###
.(.# .(..(
.. ##.#
.(..#. ##
# ..
.<..#.. #
## ..(...
.# $.


You could see an iguana.

Vanquished Creatures
  A scorpion (D:4)
  A howler monkey (D:4)
  2 hounds (D:2)
  4 adders
  A gnoll (D:2)
  2 worms
  2 dart slugs
  4 orcs (D:3)
  8 bats
  5 giant cockroaches
  7 goblins
  6 hobgoblins
  2 jackals (D:1)
  3 kobolds
  8 frilled lizards
  A leopard gecko skeleton (D:4)
  7 rats
64 creatures vanquished.

Notes
Turn   | Place    | Note
-------+----------+-------------------------------------------
     0 | D:1      | KarmaPolice the Halfling Hunter began the quest for the Orb.
     0 | D:1      | Reached XP level 1. HP: 14/14 MP: 1/1
    74 | D:1      | Reached skill level 6 in Slings
   194 | D:1      | Reached XP level 2. HP: 14/19 MP: 2/2
   356 | D:1      | Reached skill level 1 in Short Blades
   402 | D:1      | Reached XP level 3. HP: 10/24 MP: 3/3
  1140 | D:2      | Reached XP level 4. HP: 30/30 MP: 4/4
  1527 | D:2      | Found a sparkling altar of Nemelex Xobeh.
  1728 | D:2      | Reached XP level 5. HP: 18/36 MP: 5/5
  2827 | D:3      | Found a faded altar of an unknown god.
  2827 | D:3      | Found a faded altar of an unknown god.
  2832 | D:3      | Found a bloodstained altar of Trog.
  2834 | D:3      | Found a faded altar of an unknown god.
  2836 | D:3      | Found a faded altar of an unknown god.
  3064 | D:4      | Reached skill level 7 in Slings
  3064 | D:4      | Reached XP level 6. HP: 42/42 MP: 6/6
  3070 | D:4      | Noticed an ogre
  3135 | D:4      | Reached skill level 1 in Armour
  3160 | D:4      | HP: 1/42 [iguana (5)]
  3161 | D:4      | Slain by an iguana

Vault maps used:
D:1:      minmay_arrival_wavy_path, minivault_24
D:2:      nemelex_altar_shiori, cheibrodos_gnoll_hut
D:3:      chequers_temple_overflow_minitemple
D:4:      bloody_makhleb, first_bread, portal_sewer_entry_f

Skill      XL: |  1  2  3  4  5  6 |
---------------+-------------------+-----
Slings         | 6 7 |  7.2
Fighting       | 2 3 |  3.2
Short Blades   | 1 2 3 |  3.4
Stealth        | 2 3 |  3.0
Armour         | 1 |  1.3
Dodging        | |  2.1

Action                   |  1- 3 |  4- 6 || total
-------------------------+-------+-------++-------
Melee: Short sword       |    97 |    39 ||   136
 Fire: Hunting sling     |    26 |   148 ||   174
  Use: Potion            |       |     2 ||     2
  Eat: Chunk             |     1 |     6 ||     7
Armor: Leather armour    |    19 |    15 ||    34
Dodge: Dodged            |    86 |    74 ||   160
